| TOP OF THE 1ST |
|
Salt Lake Bees batting - Pitching for Round Rock Express : RHP Jeff Kidd
|
|
Pitching: RHP Jeff Kidd
|
|
|
Batting: RHB Melvin Gomez
|
0-0: Called Strike 0-1: Swinging Strike 0-2: Strikes out swinging
|
|
Batting: SHB Butch Brown
|
0-0: Foul Ball, location: 2F 0-1: Swinging Strike 0-2: Ball 1-2: Foul Ball, location: 2F 1-2: Ball 2-2: Strikes out swinging
|
|
Batting: LHB Micah Miller
|
0-0: Ball 1-0: Fly out, F7 (Flyball, 7, EV 93.8 MPH)
|
| Top of the 1st over - 0 runs, 0 hits, 0 errors, 0 left on base; Salt Lake 0 - Round Rock 0 |
| BOTTOM OF THE 1ST |
|
Round Rock Express batting - Pitching for Salt Lake Bees : RHP Gus Morante
|
|
Pitching: RHP Gus Morante
|
|
|
Batting: RHB Joe Kemp
|
0-0: Ball 1-0: Ball 2-0: Fly out, F8 (Flyball, 8RS, EV 80.0 MPH)
|
|
Batting: RHB Bobby Keithley
|
0-0: Ball 1-0: Called Strike 1-1: Swinging Strike 1-2: Ball 2-2: Ball 3-2: Fly out, F8 (Flyball, 8LM, EV 86.2 MPH)
|
|
Batting: LHB Rich Butler
|
0-0: Ball 1-0: Foul Ball, location: 2F 1-1: Called Strike 1-2: Strikes out swinging
|
| Bottom of the 1st over - 0 runs, 0 hits, 0 errors, 0 left on base; Salt Lake 0 - Round Rock 0 |
| TOP OF THE 2ND |
|
Salt Lake Bees batting - Pitching for Round Rock Express : RHP Jeff Kidd
|
|
Batting: RHB Justin Lauderdale
|
0-0: Ball 1-0: Called Strike 1-1: Called Strike 1-2: Strikes out swinging
|
|
Batting: RHB Jose Pineda
|
0-0: Called Strike 0-1: Ball 1-1: Swinging Strike 1-2: SINGLE (Groundball, 56, EV 98.8 MPH)
|
|
Batting: LHB Jorge Zermeno
|
0-0: Foul Ball, location: 2F 0-1: DOUBLE (Flyball, 8LXD, EV 100.6 MPH) Jose Pineda to third
|
|
Batting: LHB Edgar van der Meeren
|
0-0: Called Strike 0-1: Ball 1-1: Foul Ball, location: 2F 1-2: Ball 2-2: Strikes out swinging
|
|
Batting: RHB Oren Jones
|
0-0: Called Strike 0-1: Foul Ball, location: 2F 0-2: SINGLE (Line Drive, 78S, EV 100.0 MPH) Jose Pineda scores Jorge Zermeno to third
|
|
Batting: LHB Barrfhionn O'Toole
|
0-0: Ground out 4-3 (Groundball, 4, EV 96.2 MPH)
|
| Top of the 2nd over - 1 run, 3 hits, 0 errors, 2 left on base; Salt Lake 1 - Round Rock 0 |
| BOTTOM OF THE 2ND |
|
Round Rock Express batting - Pitching for Salt Lake Bees : RHP Gus Morante
|
|
Batting: LHB Cooper Broomhall
|
0-0: Ball 1-0: Foul Ball, location: 2F 1-1: Swinging Strike 1-2: Foul Ball, location: 2F 1-2: Ball 2-2: Foul Ball, location: 2F 2-2: Fly out, F9 (Flyball, 9S, EV 83.8 MPH)
|
|
Batting: SHB Greg Prime
|
0-0: SOLO HOME RUN (Flyball, 9D, EV 96.2 MPH), Distance : 371 ft
|
|
Batting: RHB Ernie Weathersbee
|
0-0: Swinging Strike 0-1: Foul Ball, location: 2F 0-2: Strikes out swinging
|
|
Batting: RHB Jason Keller
|
0-0: Ball 1-0: Foul Ball, location: 2F 1-1: Foul Ball, location: 2F 1-2: Strikes out swinging
|
| Bottom of the 2nd over - 1 run, 1 hit, 0 errors, 0 left on base; Salt Lake 1 - Round Rock 1 |
| TOP OF THE 3RD |
|
Salt Lake Bees batting - Pitching for Round Rock Express : RHP Jeff Kidd
|
|
Batting: RHB Melvin Gomez
|
0-0: Ball 1-0: Ground out 5-3 (Groundball, 5S, EV 83.1 MPH)
|
|
Batting: SHB Butch Brown
|
0-0: Ball 1-0: Fly out, F8 (Flyball, 8RM, EV 90.0 MPH)
|
|
Batting: LHB Micah Miller
|
0-0: Called Strike 0-1: Ball 1-1: Foul Ball, location: 2F 1-2: SINGLE (Line Drive, 8LS, EV 96.9 MPH)
|
|
Batting: RHB Justin Lauderdale
|
0-0: Called Strike 0-1: Ball 1-1: Ground out 1-3 (Groundball, P, EV 68.8 MPH)
|
| Top of the 3rd over - 0 runs, 1 hit, 0 errors, 1 left on base; Salt Lake 1 - Round Rock 1 |
| BOTTOM OF THE 3RD |
|
Round Rock Express batting - Pitching for Salt Lake Bees : RHP Gus Morante
|
|
Batting: RHB Dale Aubrey
|
0-0: Ball 1-0: Foul Ball, location: 2F 1-1: Swinging Strike 1-2: Strikes out swinging
|
|
Batting: RHB Carlos Lopez
|
0-0: Foul Ball, location: 2F 0-1: Foul Ball, location: 2F 0-2: Ball 1-2: Foul Ball, location: 2F 1-2: Ground out 5-3 (Groundball, 56S, EV 65.0 MPH)
|
|
Batting: RHB Joe Kemp
|
0-0: Ball 1-0: Foul Ball, location: 2F 1-1: Ball 2-1: Ground out 6-3 (Groundball, 56, EV 105.6 MPH)
|
| Bottom of the 3rd over - 0 runs, 0 hits, 0 errors, 0 left on base; Salt Lake 1 - Round Rock 1 |
| TOP OF THE 4TH |
|
Salt Lake Bees batting - Pitching for Round Rock Express : RHP Jeff Kidd
|
|
Batting: RHB Jose Pineda
|
0-0: Ball 1-0: SINGLE (Line Drive, 7S, EV 110.0 MPH)
|
|
Batting: LHB Jorge Zermeno
|
0-0: Ball 1-0: Called Strike 1-1: Called Strike 1-2: Ball 2-2: Fly out, F8 (Line Drive, 8RM, EV 97.5 MPH)
|
|
Batting: LHB Edgar van der Meeren
|
0-0: Ball 1-0: Ball 2-0: Called Strike 2-1: Foul Ball, location: 2F 2-2: Foul Ball, location: 2F 2-2: Fly out, F7 (Flyball, 7, EV 98.8 MPH)
|
|
Batting: RHB Oren Jones
|
0-0: Swinging Strike 0-1: Called Strike 0-2: Ball 1-2: Ball Jose Pineda is caught stealing 2nd base 2-4
|
| Top of the 4th over - 0 runs, 1 hit, 0 errors, 0 left on base; Salt Lake 1 - Round Rock 1 |
| BOTTOM OF THE 4TH |
|
Round Rock Express batting - Pitching for Salt Lake Bees : RHP Gus Morante
|
|
Batting: RHB Bobby Keithley
|
0-0: Ball 1-0: Foul Ball, location: 2F 1-1: Ball 2-1: Called Strike 2-2: Ball 3-2: Base on Balls
|
|
Batting: LHB Rich Butler
|
0-0: Called Strike 0-1: Foul Ball, location: 2F 0-2: Ball 1-2: Ball 2-2: Foul Ball, location: 2F 2-2: Strikes out swinging
|
|
Batting: LHB Cooper Broomhall
|
0-0: Called Strike 0-1: Swinging Strike 0-2: Strikes out looking Bobby Keithley is caught stealing 2nd base 2-6 Batter strikes out.
|
| Bottom of the 4th over - 0 runs, 0 hits, 0 errors, 0 left on base; Salt Lake 1 - Round Rock 1 |
| TOP OF THE 5TH |
|
Salt Lake Bees batting - Pitching for Round Rock Express : RHP Jeff Kidd
|
|
Batting: RHB Oren Jones
|
0-0: Ball 1-0: Ball 2-0: Ball 3-0: Called Strike 3-1: Foul Ball, location: 2F 3-2: Base on Balls
|
|
Batting: LHB Barrfhionn O'Toole
|
0-0: Ball 1-0: Ball 2-0: Called Strike 2-1: Fly out, F5 (Popup, 5SF, EV 85.6 MPH)
|
|
Batting: RHB Melvin Gomez
|
0-0: SINGLE (Groundball, 13, EV 92.5 MPH) (infield hit) Oren Jones to second
|
|
Batting: SHB Butch Brown
|
0-0: Ball 1-0: SINGLE (Groundball, 23, EV 63.1 MPH) (infield hit) Oren Jones to third Melvin Gomez to second
|
|
Batting: LHB Micah Miller
|
0-0: GRAND SLAM HOME RUN (Flyball, 89XD, EV 105.6 MPH), Distance : 421 ft
|
|
Pitching: RHP Chad Steffee
|
|
|
Batting: RHB Justin Lauderdale
|
0-0: Ball 1-0: Ball 2-0: Fly out, F8 (Line Drive, 78D, EV 89.4 MPH)
|
|
Batting: RHB Jose Pineda
|
0-0: Ball 1-0: Called Strike 1-1: Ground out 1-3 (Groundball, 15, EV 76.9 MPH)
|
| Top of the 5th over - 4 runs, 3 hits, 0 errors, 0 left on base; Salt Lake 5 - Round Rock 1 |
| BOTTOM OF THE 5TH |
|
Round Rock Express batting - Pitching for Salt Lake Bees : RHP Gus Morante
|
|
Batting: SHB Greg Prime
|
0-0: Ball 1-0: Called Strike 1-1: Swinging Strike 1-2: Strikes out swinging
|
|
Batting: RHB Ernie Weathersbee
|
0-0: Ground out 6-3 (Groundball, 6, EV 87.5 MPH)
|
|
Batting: RHB Jason Keller
|
0-0: Called Strike 0-1: Foul Ball, location: 2F 0-2: Strikes out looking
|
| Bottom of the 5th over - 0 runs, 0 hits, 0 errors, 0 left on base; Salt Lake 5 - Round Rock 1 |
| TOP OF THE 6TH |
|
Salt Lake Bees batting - Pitching for Round Rock Express : RHP Chad Steffee
|
|
Batting: LHB Jorge Zermeno
|
0-0: Ball 1-0: Called Strike 1-1: Foul Ball, location: 2F 1-2: Strikes out looking
|
|
Batting: LHB Edgar van der Meeren
|
0-0: Ball 1-0: Swinging Strike 1-1: Ball 2-1: Swinging Strike 2-2: Strikes out swinging
|
|
Batting: RHB Oren Jones
|
0-0: Ball 1-0: Ground out 6-3 (Groundball, 6, EV 88.8 MPH)
|
| Top of the 6th over - 0 runs, 0 hits, 0 errors, 0 left on base; Salt Lake 5 - Round Rock 1 |
| BOTTOM OF THE 6TH |
|
Round Rock Express batting - Pitching for Salt Lake Bees : RHP Gus Morante
|
|
Batting: RHB Dale Aubrey
|
0-0: Ball 1-0: Ball 2-0: Ball 3-0: Called Strike 3-1: SINGLE (Groundball, 56, EV 106.2 MPH) (infield hit)
|
|
Batting: RHB Carlos Lopez
|
0-0: Called Strike 0-1: Called Strike 0-2: Strikes out swinging
|
|
Batting: RHB Joe Kemp
|
0-0: Called Strike 0-1: Swinging Strike 0-2: Foul Ball, location: 2F 0-2: Ball 1-2: Ball 2-2: Foul Ball, location: 2F 2-2: Foul Ball, location: 2F 2-2: Strikes out swinging
|
|
Batting: RHB Bobby Keithley
|
0-0: Ball 1-0: Fielders Choice at 2nd, 5-4 (Groundball, 56, EV 103.1 MPH)
|
| Bottom of the 6th over - 0 runs, 1 hit, 0 errors, 1 left on base; Salt Lake 5 - Round Rock 1 |
| TOP OF THE 7TH |
|
Salt Lake Bees batting - Pitching for Round Rock Express : RHP Chad Steffee
|
|
Batting: LHB Barrfhionn O'Toole
|
0-0: Called Strike 0-1: Foul Ball, location: 2F 0-2: Ground out U3 (Groundball, 3, EV 83.1 MPH)
|
|
Batting: RHB Melvin Gomez
|
0-0: Ball 1-0: Ball 2-0: Called Strike 2-1: Swinging Strike 2-2: Strikes out swinging
|
|
Batting: SHB Butch Brown
|
0-0: Called Strike 0-1: Ball 1-1: Foul Ball, location: 2F 1-2: Ball 2-2: Ball 3-2: Base on Balls
|
|
Batting: LHB Micah Miller
|
0-0: Ball 1-0: Fly out, F5 (Popup, 25F, EV 86.9 MPH)
|
| Top of the 7th over - 0 runs, 0 hits, 0 errors, 1 left on base; Salt Lake 5 - Round Rock 1 |
| BOTTOM OF THE 7TH |
|
Round Rock Express batting - Pitching for Salt Lake Bees : RHP Gus Morante
|
|
Batting: LHB Rich Butler
|
0-0: Ball 1-0: Fly out, F7 (Flyball, 7, EV 76.9 MPH)
|
|
Batting: LHB Cooper Broomhall
|
0-0: Ball 1-0: Called Strike 1-1: Ball 2-1: Ball 3-1: Base on Balls
|
|
Batting: SHB Greg Prime
|
0-0: Ball 1-0: Foul Ball, location: 2F 1-1: Ball 2-1: Ball 3-1: Base on Balls Cooper Broomhall to second
|
|
Batting: RHB Ernie Weathersbee
|
0-0: SINGLE (Line Drive, 9LS, EV 86.9 MPH) Cooper Broomhall to third Greg Prime to second Runner from 3rd tries for Home, throw by RF and OUT! 9-2
|
|
Pitching: RHP Nick Madrid
|
|
|
Batting: RHB Jason Keller
|
0-0: Ball 1-0: Ball 2-0: Called Strike 2-1: Ball 3-1: Foul Ball, location: 2F 3-2: Reached on error, E6 (Groundball, 6, EV 83.8 MPH) Greg Prime scores Ernie Weathersbee to third
|
|
Batting: RHB Dale Aubrey
|
0-0: Ball 1-0: Ground out 6-3 (Groundball, P, EV 76.9 MPH)
|
| Bottom of the 7th over - 1 run, 1 hit, 1 error, 2 left on base; Salt Lake 5 - Round Rock 2 |
| TOP OF THE 8TH |
|
Salt Lake Bees batting - Pitching for Round Rock Express : RHP Chad Steffee
|
|
Batting: RHB Justin Lauderdale
|
0-0: Ground out 5-3 (Groundball, 5, EV 103.8 MPH)
|
|
Batting: RHB Jose Pineda
|
0-0: Swinging Strike 0-1: Foul Ball, location: 2F 0-2: Ball 1-2: Strikes out swinging
|
|
Batting: LHB Jorge Zermeno
|
0-0: Ball 1-0: SOLO HOME RUN (Flyball, 89XD, EV 108.1 MPH), Distance : 425 ft
|
|
Batting: LHB Edgar van der Meeren
|
0-0: Ball 1-0: Foul Ball, location: 2F 1-1: Ball 2-1: Swinging Strike 2-2: Strikes out looking
|
| Top of the 8th over - 1 run, 1 hit, 0 errors, 0 left on base; Salt Lake 6 - Round Rock 2 |
| BOTTOM OF THE 8TH |
|
Round Rock Express batting - Pitching for Salt Lake Bees : RHP Nick Madrid
|
|
Batting: RHB Carlos Lopez
|
0-0: Foul Ball, location: 2F 0-1: Called Strike 0-2: Foul Ball, location: 2F 0-2: Fly out, F7 (Flyball, 78D, EV 98.1 MPH)
|
|
Batting: RHB Joe Kemp
|
0-0: Ball 1-0: Ball 2-0: Foul Ball, location: 2F 2-1: Ball 3-1: Foul Ball, location: 2F 3-2: Foul Ball, location: 2F 3-2: Strikes out swinging
|
|
Batting: RHB Bobby Keithley
|
0-0: Ball 1-0: Swinging Strike 1-1: Swinging Strike 1-2: Ball 2-2: Strikes out swinging
|
| Bottom of the 8th over - 0 runs, 0 hits, 0 errors, 0 left on base; Salt Lake 6 - Round Rock 2 |
| TOP OF THE 9TH |
|
Salt Lake Bees batting - Pitching for Round Rock Express : RHP Chad Steffee
|
|
Pitching: RHP Victor Nunez
|
|
|
Batting: RHB Oren Jones
|
0-0: Foul Ball, location: 2F 0-1: Ball 1-1: Foul Ball, location: 2F 1-2: Strikes out swinging
|
|
Batting: LHB Barrfhionn O'Toole
|
0-0: Ball 1-0: Fly out, F6 (Popup, 56D, EV 48.8 MPH)
|
|
Batting: RHB Melvin Gomez
|
0-0: Called Strike 0-1: Foul Ball, location: 2F 0-2: Strikes out swinging
|
| Top of the 9th over - 0 runs, 0 hits, 0 errors, 0 left on base; Salt Lake 6 - Round Rock 2 |
| BOTTOM OF THE 9TH |
|
Round Rock Express batting - Pitching for Salt Lake Bees : RHP Nick Madrid
|
|
Pitching: RHP Austin Maki
|
|
|
Batting: LHB Rich Butler
|
0-0: Called Strike 0-1: Ball 1-1: SOLO HOME RUN (Flyball, 9D, EV 96.2 MPH), Distance : 374 ft
|
|
Batting: LHB Cooper Broomhall
|
0-0: Called Strike 0-1: Ball 1-1: Ball 2-1: Ground out 6-3 (Groundball, 6, EV 83.1 MPH)
|
|
Batting: SHB Greg Prime
|
0-0: Swinging Strike 0-1: Called Strike 0-2: Ball 1-2: Ball 2-2: Ball 3-2: Foul Ball, location: 2F 3-2: Fly out, F7 (Flyball, 7S, EV 90.6 MPH)
|
|
Batting: RHB Ernie Weathersbee
|
0-0: Swinging Strike 0-1: Foul Ball, location: 2F 0-2: Ball 1-2: Ball 2-2: Strikes out swinging
|
| Bottom of the 9th over - 1 run, 1 hit, 0 errors, 0 left on base; Salt Lake 6 - Round Rock 3 |
|